[Event "*** SCC Grand Prix: Titled Tuesday Blitz"]
[Site "Chess.com"]
[Date "2020.08.11"]
[Round "2"]
[White "DrMamaliga"]
[Black "Unknown_IM"]
[Result "0-1"]
[WhiteElo "2169"]
[BlackElo "2406"]
[TimeControl "180+1"]
[EndTime "10:19:32 PDT"]
[Termination "Unknown_IM won by resignation"]

1. c4 c5 2. Nf3 Nf6 3. Nc3 Nc6 4.
e3 g6 5. d4 cxd4 6. exd4 d5 7.
cxd5 Nxd5 8. Bc4 Nxc3 9. bxc3 Bg7 10. O-O O-O 11. Re1 Bg4 12. h3 Bxf3 13. Qxf3 Nxd4 14. cxd4 Qxd4 15. Rb1 Qxc4 16. Rxe7 Rae8 17. Ba3 Qxa2 18. Rbxb7 Rxe7 19. Bxe7 Re8 20. Bc5 a5 21. Qc6 Qe2 22. Be3 Rf8 23. Qd5 a4 24. Ra7 Qe1+ 25. Kh2 Qa1 26.
Bc5 Qe5+ 27. Qxe5 Bxe5+ 28. g3 Rc8 29. Be3 Rc4 30. Bh6 f5 31. Re7 Bb2 32. Re8+ Kf7 33. Ra8 a3 34. Bf4 Ke6 35. Ra6+ Kd5 36. Bd6 Rc6 37. Rxa3 Kxd6 38. Rb3 Bd4 39. Rd3 Kd5 40. Kg2 Rc4 41. Rd2 Kc5 42. Ra2 Rc3 43. Kf1 Kc4 44.
Ra4+ Kd3 45. Ra8 Rc1+ 46. Kg2 Rc2 47. Rb8 Rxf2+ 48. Kh1 Ke4 49. Rb7 Kf3 0-1

[Event "*** SCC Grand Prix: Titled Tuesday Blitz"]
[Site "Chess.com"]
[Date "2020.08.11"]
[Round "2"]
[White "Alindsay211"]
[Black "Azoulas1"]
[Result "1-0"]
[WhiteElo "2359"]
[BlackElo "2001"]
[TimeControl "180+1"]
[EndTime "10:19:32 PDT"]
[Termination "Alindsay211 won by resignation"]

1. d4 Nf6 2. c4 e6 3. Nf3 Bb4+ 4. Bd2 Be7 5. g3 b6 6. Bg2 Bb7 7. O-O d5 8. b3 Nbd7 9. Qc2 O-O 10. Nc3 c5 11. cxd5 exd5 12. e3 Rc8 13. Qb2 Ne4 14.
Nxe4 dxe4 15. Ne5 Nxe5 16. dxe5 Qc7 17. Rfd1 Rfd8 18. Bc3 g6 19. h4 Rd3 20. Bf1 Rxd1 21.
Rxd1 Rd8 22. Rxd8+ Bxd8 23. Qc2 Bd5 24. Kg2 Qc6 25. Qd2 Be7 26. Bc4 Bxc4 27. bxc4 a6 28. Qd5 Qa4 29. e6 f6 30. Qa8+ Kg7 31. Qxe4 Qxa2 32.
g4 b5 33. g5 Qxc4 34. gxf6+ Bxf6 35. Qxc4 bxc4 36. e7 Kf7 37. Bxf6 a5 38. Kf1 a4 39. Bb2 Kxe7 40. Ke2 Kd6 41. Kd2 Kc6 42. Kc3 Kd5 43. f3 h5 44. Ba3 Kd6 45. Kxc4 Kc6 46. Bxc5 a3 47. Bxa3 Kb6 48. f4 Kc6 49. Kd4 Kd7 50. Ke5 Ke8 51. Kf6 Kd7 52. Kxg6 Ke6 53. Kxh5 Kf5 1-0

[Event "*** SCC Grand Prix: Titled Tuesday Blitz"]
[Site "Chess.com"]
[Date "2020.08.11"]
[Round "2"]
[White "alfiefischer77"]
[Black "Shubinkirill2003"]
[Result "0-1"]
[WhiteElo "2292"]
[BlackElo "2649"]
[TimeControl "180+1"]
[EndTime "10:19:33 PDT"]
[Termination "Shubinkirill2003 won by resignation"]

1. e4 e6 2. Nf3 d5 3. Nc3 Nf6 4. e5 Ne4 5. d4 Bb4 6. Bd2 Nxd2 7. Qxd2 c5 8. a3 Bxc3 9. bxc3 Nc6 10. Be2 Qa5 11.
Qg5 O-O 12. O-O Qxc3 13. Rfd1 c4 14. Ra2 Bd7 15. h4 f6 16. Qg3 fxe5 17. dxe5 Rf5 18. h5 Nxe5 19. Nd4 Qxg3 20. fxg3 Rf6 21. c3 Raf8 22. Rb2 b6 23. g4 h6 24. Kh2 Nf7 25. Nf3 Nd6 26. Ne5 Be8 27. Bf3 g6 28. Re2 g5 29. Rde1 Kg7 30. Kg3 Ba4 31. Rb2 Rb8 32. Rb4 Be8 33. Reb1 b5 34. Re1 a5 35. Rb2 Rb6 36.
Reb1 Rf8 37. a4 Rf4 38. axb5 Rxb5 39. Rxb5 Nxb5 40. Ra1 Nxc3 41. Rxa5 Ne4+ 42. Kh2 Nd6 43. Ra7+ Kf6 44. Nd7+ Bxd7 45. Rxd7 Nf7 46. Rc7 Ne5 47.
Rc8 Nxf3+ 48. gxf3 Ke5 49. Rh8 Rf6 50. Rc8 Rxf3 51.
Kg2 Rf6 52. Kg3 Kd4 53. Rg8 c3 54. Rg6 Ke5 55. Rg8 d4 56. Rc8 Ke4 57. Rd8 d3 0-1

[Event "*** SCC Grand Prix: Titled Tuesday Blitz"]
[Site "Chess.com"]
[Date "2020.08.11"]
[Round "2"]
[White "AnonymousIM2023"]
[Black "MashaFromRussia"]
[Result "1-0"]
[WhiteElo "2663"]
[BlackElo "2404"]
[TimeControl "180+1"]
[EndTime "10:19:34 PDT"]
[Termination "AnonymousIM2023 won by resignation"]

1. d4 Nf6 2. Nf3 g6 3. g3 Bg7 4. Bg2 O-O 5. O-O d6 6. Nc3 Nc6 7. d5 Na5 8. Rb1 c5 9. b3 Rb8 10. a4 a6 11. Bb2 b5 12. axb5 axb5 13. Nd2 Bb7 14. e4 b4 15. Ne2 e6 16. dxe6 fxe6 17. Nf4 Qe7 18. Ra1 Ra8 19. c4 Nc6 20. Re1 e5 21.
Nd5 Nxd5 22. exd5 Nd4 23. Bxd4 cxd4 24. Ne4 Rxa1 25. Qxa1 Bc8 26. Qa5 Bf5 27. Qxb4 Bxe4 28. Bxe4 Qf6 29. Re2 Bh6 30. Qb6 d3 31. Bxd3 Qf3 32.
Qxd6 Qxd3 33. Qxe5 Qxb3 34. c5 Bg7 35. Qe6+ Kh8 36. c6 Bd4 37. Qe4 Qb6 38. d6 Bxf2+ 39. Kg2 Qc5 40. d7 Bd4 41. Rd2 Bf6 42. Rc2 Qd6 43. Rf2 Kg7 44. Qf4 Qxf4 45. Rxf4 Rd8 46.
c7 Rxd7 47. c8=Q Rd2+ 48. Kh3 Be5 49. Qd7+ 1-0

[Event "*** SCC Grand Prix: Titled Tuesday Blitz"]
[Site "Chess.com"]
[Date "2020.08.11"]
[Round "2"]
[White "GalperinPlaton"]
[Black "ArjunErigaisi2003"]
[Result "0-1"]
[WhiteElo "2605"]
[BlackElo "3029"]
[TimeControl "180+1"]
[EndTime "10:19:35 PDT"]
[Termination "ArjunErigaisi2003 won by resignation"]

1. d4 d5 2. c4 e6 3. Nf3 Nf6 4. g3 dxc4 5. Bg2 Bd7 6. O-O Bc6 7. Qc2 Nbd7 8. Qxc4 Bd5 9. Qd3 c5 10. Nc3 Bc6 11.
Be3 cxd4 12. Bxd4 Be7 13. Rfd1 O-O 14. Ng5 Bxg2 15. Kxg2 Qa5 16. h4 Rfd8 17. Qf3 h6 18. Nge4 Qa6 19. a4 Rac8 20. Nb5 b6 21. Nxf6+ Nxf6 22. Rd3 Rd5 23. b3 Rf5 24. Qe3 Qb7+ 25. f3 Rc2 26.
Bxf6 Rxf6 27. Rad1 Bc5 28. Rd8+ Kh7 29. Qd3+ Rg6 30.
Qxc2 f5 31. Qd3 Qe7 32. Kh3 Bf2 33. f4 a6 34. Qf3 Rxg3+ 35. Qxg3 Bxg3 36. Kxg3 axb5 37.
axb5 Qc5 38. R1d3 Qxb5 39. h5 Qc5 40. Re8 Qg1+ 41. Kf3 Qh1+ 42. Ke3 Qxh5 43. Rdd8 Qh3+ 44. Kd4 Qxb3 45. Ke5 Qe3+ 46. Kd6 Qxf4+ 47. Kxe6 Kg6 48. Rd6 Kh5 49. Rf8 g6 50. Rxb6 Qe3+ 51. Kf6 Qxb6+ 52.
Kg7 Qd4+ 0-1

[Event "*** SCC Grand Prix: Titled Tuesday Blitz"]
[Site "Chess.com"]
[Date "2020.08.11"]
[Round "2"]
[White "Durarbayli"]
[Black "suyu28"]
[Result "1-0"]
[WhiteElo "2858"]
[BlackElo "2567"]
[TimeControl "180+1"]
[EndTime "10:19:35 PDT"]
[Termination "Durarbayli won by checkmate"]

1. e4 c6 2. Nf3 d5 3. Nc3 g6 4.
d4 dxe4 5. Nxe4 Bg7 6. Bc4 Nf6 7.
Nxf6+ exf6 8. Qe2+ Qe7 9. Qxe7+ Kxe7 10. Bf4 Be6 11. Bb3 Nd7 12. O-O-O Nb6 13. Rhe1 Kd7 14. Nd2 f5 15. Bxe6+ fxe6 16. Nb3 Rae8 17. Nc5+ Kc8 18. Nxe6 Bf6 19. c3 Nd5 20. Bd2 b6 21. Nf4 Kd7 22. Nd3 Re4 23. f3 Rxe1 24. Rxe1 Rc8 25.
Ne5+ Bxe5 26. Rxe5 b5 27. Kc2 a5 28. b3 Nb6 29. Kd3 a4 30. c4 axb3 31. axb3 bxc4+ 32. bxc4 Ra8 33. Bb4 Ra2 34. Re7+ Kc8 35. Rxh7 Rxg2 36. Bd6 Na4 37. Rc7+ Kd8 38. Rxc6 Nb2+ 39. Kc3 Nd1+ 40. Kb4 Kd7 41. d5 Rb2+ 42. Kc5 Nf2 43. Bg3 Nd3+ 44. Kd4 Nb4 45. Rd6+ Ke8 46. Rxg6 Rb1 47. h4 Nc2+ 48. Ke5 Re1+ 49. Kxf5 Ne3+ 50. Kf6 Nxc4 51. h5 Ne3 52. Bxe1 Nxd5+ 53. Kg5 Kf7 54. Bg3 Ne7 55. Be5 Nd5 56.
f4 Ne3 57. f5 Kf8 58. h6 Kf7 59. Rg7+ Kf8 60. h7 Nxf5 61. h8=Q# 1-0

[Event "*** SCC Grand Prix: Titled Tuesday Blitz"]
[Site "Chess.com"]
[Date "2020.08.11"]
[Round "2"]
[White "JesseKraai"]
[Black "GM_Levan_Pantsulaia"]
[Result "1-0"]
[WhiteElo "2545"]
[BlackElo "2793"]
[TimeControl "180+1"]
[EndTime "10:19:35 PDT"]
[Termination "JesseKraai won by checkmate"]

1. Nf3 Nf6 2. c4 c5 3. Nc3 e6 4. e3 b6 5. d4 g6 6. d5 exd5 7. cxd5 Bg7 8. e4 O-O 9. Bd3 d6 10. O-O Bg4 11. Bf4 Nh5 12. Be3 Nd7 13. Be2 a6 14. h3 Bxf3 15. Bxf3 Nhf6 16. a4 Re8 17. Qc2 Qc7 18. Rfe1 Re7 19. Be2 Qb7 20. Bf4 Ne8 21. Bf1 Ne5 22. Bg5 Rc7 23. f4 Nd7 24. Rad1 c4 25. e5 dxe5 26. d6 Rc5 27. Ne4 Rc6 28.
fxe5 Bxe5 29. Be7 b5 30. Kh1 Qb6 31. Qd2 Ng7 32. Qd5 Rac8 33. Ng5 Qf2 34. Nf3 Bf6 35. axb5 axb5 36. Qxb5 Nf5 37. Rd2 Qb6 38. Qd5 c3 39. bxc3 Bxc3 40. Red1 Bxd2 41. Rxd2 Rc1 42. Rd1 Rxd1 43. Qxd1 Nxe7 44. dxe7 Qe6 45. Bb5 Nf6 46. Qd8+ Kg7 47. Nd4 Qe1+ 48. Kh2 Qe5+ 49. Kg1 Rc1+ 50. Bf1 Re1 51. Qf8# 1-0

[Event "*** SCC Grand Prix: Titled Tuesday Blitz"]
[Site "Chess.com"]
[Date "2020.08.11"]
[Round "2"]
[White "MVM2008"]
[Black "Caterpiller35"]
[Result "1-0"]
[WhiteElo "2216"]
[BlackElo "2409"]
[TimeControl "180+1"]
[EndTime "10:19:35 PDT"]
[Termination "MVM2008 won by resignation"]

1. e4 c5 2. Nf3 Nc6 3. Bb5 g6 4. c3 Nf6 5. d3 Bg7 6. Be3 d6 7.
h3 O-O 8. Nbd2 Bd7 9. Ba4 Ne5 10. Bxd7 Nxf3+ 11. Qxf3 Nxd7 12. O-O b5 13. Qe2 b4 14. Rac1 a5 15. f4 bxc3 16. bxc3 Rb8 17. Nc4 Qc7 18. d4 Rfc8 19. d5 Rb7 20. Qf3 f6 21.
Rce1 a4 22. e5 dxe5 23. d6 Qc6 24. Qxc6 Rxc6 25. Na5 Rbb6 26. Nxc6 Rxc6 27. dxe7 Kf7 28. fxe5 Nxe5 29. Bf4 Kxe7 30. Rb1 Rc7 31. Rb8 Nd3 32. Bxc7 f5 33. Rd1 c4 34. Rb7 Ke6 35. Ba5 Bh6 36. Rxh7 Be3+ 37. Kh2 Bf4+ 38. g3 Be5 39. Rb7 f4 40.
gxf4 Bxf4+ 41. Kg2 g5 42. Kf3 Kd5 43. Rd7+ Kc6 44.
R7xd3 cxd3 45. Rxd3 Kb5 46. Bb4 Kc4 47. Rd4+ Kb5 48. a3 Be5 49. Rd5+ Kc4 50. Rxe5 g4+ 51. hxg4 1-0

[Event "*** SCC Grand Prix: Titled Tuesday Blitz"]
[Site "Chess.com"]
[Date "2020.08.11"]
[Round "2"]
[White "PawnEatingZombie"]
[Black "Baronessa08"]
[Result "1-0"]
[WhiteElo "2220"]
[BlackElo "2411"]
[TimeControl "180+1"]
[EndTime "10:19:36 PDT"]
[Termination "PawnEatingZombie won on time"]

1. d4 d5 2. c4 dxc4 3. e4 Nf6 4. e5 Nd5 5. Bxc4 Nb6 6. Bd3 Nc6 7. Ne2 Bg4 8. Be3 e6 9. O-O Be7 10. a3 Nd5 11. Nbc3 Nxc3 12. bxc3 a6 13. Rb1 Rb8 14.
Be4 O-O 15. Qd3 Bxe2 16. Qxe2 Bxa3 17. Bxc6 bxc6 18. Qxa6 Bb2 19. Qxc6 Qd5 20. Qxd5 exd5 21. Bd2 Rb6 22. f4 f5 23. Rf2 Ra8 24. Be1 Ba1 25.
Rxb6 cxb6 26. Rc2 Ra3 27. Kf1 Kf7 28. Ke2 Ke6 29. Rc1 Ra2+ 30. Bd2 b5 31. Kd3 b4 32. cxb4 Bxd4 33. Rb1 Bb6 34. g3 Ra3+ 35. Ke2 d4 36.
Rc1 Kd5 37. Rc8 Ke4 38. e6 d3+ 39. Kf1 Ra1+ 40. Kg2 Ra2 41. e7 Rxd2+ 42. Kh3 Kf3 43.
e8=Q Bg1 44. Qc6+ Ke2 45. g4 Ke1 46. Re8+ Kd1 47. Qa4+ Kc1 48. Qa1+ Kc2 49. Rc8+ Kb3 50. Qb1+ Ka4 51. b5 Rxh2+ 52. Kg3 1-0

[Event "*** SCC Grand Prix: Titled Tuesday Blitz"]
[Site "Chess.com"]
[Date "2020.08.11"]
[Round "2"]
[White "gurelediz"]
[Black "Anton_Demchenko"]
[Result "0-1"]
[WhiteElo "2541"]
[BlackElo "2827"]
[TimeControl "180+1"]
[EndTime "10:19:37 PDT"]
[Termination "Anton_Demchenko won by resignation"]

1. d4 d5 2. c4 dxc4 3. e3 Nf6 4. Bxc4 c5 5. Nf3 cxd4 6. exd4 g6 7. Ne5 e6 8. O-O Bg7 9. Nc3 O-O 10. Bg5 h6 11.
Bh4 Nc6 12. Nxc6 bxc6 13. Rc1 a5 14. Bg3 Ba6 15. Bxa6 Rxa6 16. Be5 Nd5 17. Ne4 Qb6 18.
b3 Rd8 19. Qf3 Ra7 20. Nc5 Raa8 21. Na4 Qa6 22. Rc4 Rac8 23. Rfc1 Bf8 24. Nc5 Bxc5 25.
Rxc5 f5 26. h4 Kf7 27. h5 Rg8 28. hxg6+ Rxg6 29. Qh5 a4 30. bxa4 Qxa4 31. Rb1 Qa6 32. Rcc1 Re8 33. Rb2 Re7 34. Rcb1 Qd3 35. Rb8 Qe4 36.
f3 Qe3+ 37. Kh1 Qg5 38. Qxg5 hxg5 39. a4 Rg8 40. Rxg8 Kxg8 41. Rb8+ Kf7 42. Rc8 Ra7 43. Rxc6 Rxa4 44. Rc5 Ra1+ 45. Kh2 Ra2 46. Rc6 Ne3 47. Rc7+ Ke8 48. Rg7 Rxg2+ 49. Kh1 Rf2 50. Rxg5 Rxf3 51. Rg8+ Kd7 52. Rg7+ Kc6 53. Re7 Kd5 54. Rd7+ Ke4 55. Re7 Rf1+ 56. Kh2 Kf3 0-1

[Event "*** SCC Grand Prix: Titled Tuesday Blitz"]
[Site "Chess.com"]
[Date "2020.08.11"]
[Round "2"]
[White "Alexandr_Kholin"]
[Black "poppy73"]
[Result "1-0"]
[WhiteElo "2511"]
[BlackElo "2269"]
[TimeControl "180+1"]
[EndTime "10:19:37 PDT"]
[Termination "Alexandr_Kholin won on time"]

1. d4 Nf6 2. c4 g6 3. Nc3 Bg7 4. e4 d6 5. Nge2 O-O 6. Ng3 e5 7. d5 c6 8. Be2 Na6 9. O-O h5 10. Bg5 Qc7 11. Rc1 Nh7 12. Be3 h4 13. Nh1 c5 14.
Qd2 f5 15. exf5 gxf5 16. f4 e4 17. Nf2 Kh8 18. Nh3 Qf7 19. Nb5 Qg6 20. Kh1 Bd7 21. Nc3 Nc7 22. Rg1 Rg8 23. a3 Bf6 24. Qd1 Qh6 25. Qe1 Bd4 26. Qf2 Bxe3 27. Qxe3 Ne8 28. b4 b6 29. bxc5 dxc5 30. a4 Nd6 31. a5 Nf6 32.
Rb1 Ng4 33. Qd2 e3 34. Qe1 bxa5 35. Nd1 Ne4 36. Bxg4 fxg4 37. Qxe3 Bf5 38. Ng5 Ng3+ 39. Qxg3 hxg3 40. Nf7+ Kg7 41. Nxh6 Bxb1 42. Nxg8 Rxg8 43. Ne3 Be4 44. Re1 Rh8 45. Nxg4 Bxg2+ 46. Kxg2 gxh2 47.
Nxh2 Rf8 48. Re7+ Kg6 49. Kf3 1-0

[Event "*** SCC Grand Prix: Titled Tuesday Blitz"]
[Site "Chess.com"]
[Date "2020.08.11"]
[Round "2"]
[White "Steven_Rojas"]
[Black "czasnaszachy"]
[Result "1-0"]
[WhiteElo "2439"]
[BlackElo "2222"]
[TimeControl "180+1"]
[EndTime "10:19:37 PDT"]
[Termination "Steven_Rojas won on time"]

1. d4 Nf6 2. c4 e6 3. Nf3 b6 4. g3 Ba6 5. b3 Bb4+ 6. Bd2 Be7 7. Bg2 Bb7 8. Nc3 O-O 9. O-O d6 10. Qc2 c5 11. e4 cxd4 12. Nxd4 Qc7 13. Rad1 a6 14. h3 Nc6 15. Be3 Rfd8 16. Qe2 Rac8 17. f4 Nd7 18. Nxc6 Bxc6 19. Rc1 Qb7 20. Rfd1 Nc5 21. Bxc5 dxc5 22. e5 Rd7 23. Rxd7 Qxd7 24. Rd1 Qc7 25. Bxc6 Qxc6 26. Qe4 Qc7 27. Rd3 g6 28. h4 h5 29. a4 Rd8 30. Kf2 Rd7 31. Ke2 Qd8 32. Rxd7 Qxd7 33. Qd3 Qc6 34. Ne4 Kg7 35. Ke3 Qb7 36. Qe2 Qd7 37. Kf3 Qd4 38.
Qe3 Qd1+ 39. Kf2 Qh1 40. Qf3 Qh2+ 41. Qg2 Qxg2+ 42. Kxg2 Kf8 43. a5 bxa5 44. Kf3 Ke8 45. Nc3 Kd7 46. Na4 Kc6 47. Nb2 Bd8 48. Nd1 Be7 49.
Nc3 Bd8 50. Ke3 Bb6 51. Ne4 Bd8 52. Nd6 1-0

[Event "*** SCC Grand Prix: Titled Tuesday Blitz"]
[Site "Chess.com"]
[Date "2020.08.11"]
[Round "2"]
[White "awesomevishesh"]
[Black "j2806"]
[Result "1-0"]
[WhiteElo "2375"]
[BlackElo "2072"]
[TimeControl "180+1"]
[EndTime "10:19:39 PDT"]
[Termination "awesomevishesh won by resignation"]

1. e4 c5 2. Nf3 d6 3. Bb5+ Bd7 4. Bxd7+ Qxd7 5. c4 Nc6 6. d4 cxd4 7. Nxd4 Nf6 8. Nc3 g6 9. b3 Bg7 10. Bb2 O-O 11.
O-O Nxd4 12. Qxd4 a5 13. Nd5 Ra6 14. Rfe1 Re8 15. Rad1 Qc6 16. Qd2 Qc5 17. Nxf6+ Bxf6 18. Bxf6 exf6 19. Qc3 Qe5 20. Qc1 a4 21. Rd5 Qe6 22. h3 axb3 23. axb3 Rc6 24. Qd2 Kg7 25. Re3 Rd8 26.
f3 Qe7 27. Red3 b6 28. Qb4 Qc7 29. Qc3 Rc5 30. Qb4 Kg8 31. h4 h5 32. Qa4 Kg7 33. Qa1 Rxd5 34. Rxd5 Qc6 35. Qd4 Rd7 36. Rb5 Rb7 37.
Kf2 Rb8 38. Ke3 Rb7 39. Qd5 Qxd5 40. Rxd5 Rd7 41. Rb5 Rb7 42. Kd4 Kf8 43. Kd5 Ke7 44. Kc6 Ra7 45. Rxb6 Ra2 46. Rb7+ Ke6 47. b4 Rxg2 48. Rd7 Rd2 49. b5 Rc2 50. Rxd6+ Ke7 51. c5 f5 52. exf5 gxf5 53. b6 Rb2 54. b7 Rb3 55.
Kc7 Rb2 56. b8=Q Rxb8 57. Kxb8 f6 58. Kc7 f4 59. c6 f5 60. Rh6 Kf7 61. Rxh5 Kg6 62.
Rg5+ Kh6 63. Kd6 Kh7 64. c7 Kh6 65. c8=Q 1-0

[Event "*** SCC Grand Prix: Titled Tuesday Blitz"]
[Site "Chess.com"]
[Date "2020.08.11"]
[Round "2"]
[White "talman67"]
[Black "baki83"]
[Result "0-1"]
[WhiteElo "2487"]
[BlackElo "2727"]
[TimeControl "180+1"]
[EndTime "10:19:40 PDT"]
[Termination "baki83 won by resignation"]

1. e4 e5 2. Nf3 Nc6 3. Bb5 a6 4.
Ba4 Nf6 5. O-O Be7 6. Re1 b5 7.
Bb3 d6 8. c3 O-O 9. h3 Na5 10.
Bc2 c5 11. d4 Qc7 12. Nbd2 cxd4 13. cxd4 Bb7 14. d5 Rfc8 15. Bd3 Nd7 16. Nf1 Nc4 17. b3 Ncb6 18. Ba3 Qd8 19. Qd2 Nc5 20. Rac1 Nxd3 21.
Qxd3 Nd7 22. Ng3 g6 23. Qd2 a5 24. Bb2 b4 25. Qh6 Bf8 26. Qe3 Qb6 27. Qd2 Ba6 28.
Rxc8 Rxc8 29. Rc1 Rxc1+ 30. Qxc1 Qc5 31. Qxc5 Nxc5 32. Bc1 Bd3 33. Nd2 Bh6 34. f3 Be3+ 35.
Kh1 Bf4 36. Kh2 g5 37. Nc4 Bxc4 38. bxc4 Bxc1 39. Nf5 Bf4+ 40. g3 Bd2 41. Nxd6 a4 42. Nb5 b3 43. axb3 axb3 44. Na3 Bb4 45. Nb1 Kf8 46. Kg2 Na4 47. Kf2 Nc3 48. Nd2 b2 49. Ke3 Nd1+ 50. Kd3 Bxd2 51. Kc2 Bc3 52. Kb1 Ne3 53.
c5 Bd4 54. c6 Ke8 55. d6 Kd8 0-1

[Event "*** SCC Grand Prix: Titled Tuesday Blitz"]
[Site "Chess.com"]
[Date "2020.08.11"]
[Round "2"]
[White "Blagorod"]
[Black "googlegoom"]
[Result "0-1"]
[WhiteElo "2112"]
[BlackElo "2390"]
[TimeControl "180+1"]
[EndTime "10:19:40 PDT"]
[Termination "googlegoom won on time"]

1. e4 c5 2. Nc3 Nc6 3. g3 g6 4. Bg2 Bg7 5. d3 d6 6. f4 e5 7. Nh3 h6 8. O-O Nge7 9. f5 gxf5 10. exf5 Bxf5 11. Rxf5 Nxf5 12. Qg4 Qd7 13. Be4 Ncd4 14. Nd5 O-O-O 15. c3 h5 16. Qg5 Bh6 17. Qf6 Qe6 18.
Bxf5 Nxf5 19. Qxf5 Qxf5 20. Ne7+ Kd7 21. Nxf5 Bxc1 22.
Rxc1 Ke6 23. Rf1 f6 24. Ne3 d5 25. Nf2 b5 26. Nfd1 a5 27. Kg2 b4 28. h3 Rb8 29.
cxb4 axb4 30. a3 bxa3 31. bxa3 Rb3 32. Nf2 Rxa3 33. g4 Ra2 34. Kf3 hxg4+ 35. Nexg4 f5 36. Ne3 e4+ 37. dxe4 fxe4+ 38. Kf4 Rf8+ 39. Kg3 Rfxf2 40. Rxf2 Ra3 41. Kf4 d4 42. Nc4 Rxh3 43. Kxe4 Rh4+ 44. Kd3 Rh3+ 45. Kc2 Rc3+ 46. Kd2 Rxc4 47. Re2+ Kd5 48. Rh2 Rc3 49. Rh5+ Kc4 50. Rh8 Ra3 51. Rb8 Ra2+ 52. Kd1 Kc3 53. Rh8 c4 54. Rh3+ d3 0-1

[Event "*** SCC Grand Prix: Titled Tuesday Blitz"]
[Site "Chess.com"]
[Date "2020.08.11"]
[Round "2"]
[White "letsgoband"]
[Black "reniite"]
[Result "1-0"]
[WhiteElo "2352"]
[BlackElo "1948"]
[TimeControl "180+1"]
[EndTime "10:19:41 PDT"]
[Termination "letsgoband won by checkmate"]

1. d4 Nf6 2. Nf3 e6 3. g3 b6 4. Bg2 Bb7 5. O-O Be7 6. c4 O-O 7. Nc3 d5 8. cxd5 Nxd5 9. Qc2 Nd7 10. Nxd5 exd5 11. Bf4 c5 12. dxc5 bxc5 13. Rfd1 Qb6 14.
Rac1 Rac8 15. h4 Bf6 16. Ng5 g6 17. Bxd5 Bxd5 18. Rxd5 Qb7 19. Rcd1 Nb6 20. Rd6 Be7 21. R6d2 c4 22. Ne4 f5 23. Nd6 Bxd6 24. Rxd6 Rfe8 25. h5 Rc6 26. hxg6 hxg6 27. Rxc6 Qxc6 28. Rd6 Qe4 29.
Qxe4 Rxe4 30. Kf1 Kf7 31. Rc6 Nd5 32. Bg5 Rd4 33. Ke1 a5 34. Ra6 c3 35. bxc3 Nxc3 36. f3 Ra4 37. Rf6+ Kg7 38. Rc6 Nxa2 39. Rc7+ Kg8 40.
Bf6 Nb4 41. Kf2 Ra2 42. Rd7 Nc2 43. Bc3 a4 44. g4 a3 45. gxf5 gxf5 46. Kg3 Kf8 47.
e4 Ke8 48. Ra7 fxe4 49. fxe4 Kd8 50. e5 Ne3 51. e6 Nd5 52. Be5 Ke8 53. Bd6 Rb2 54.
Ra8+ Rb8 55. Rxb8# 1-0

[Event "*** SCC Grand Prix: Titled Tuesday Blitz"]
[Site "Chess.com"]
[Date "2020.08.11"]
[Round "2"]
[White "mishikomchedlishvili"]
[Black "Sophist4Life"]
[Result "1-0"]
[WhiteElo "2808"]
[BlackElo "2521"]
[TimeControl "180+1"]
[EndTime "10:19:42 PDT"]
[Termination "mishikomchedlishvili won by resignation"]

1. e4 c6 2. d4 d5 3. e5 Bf5 4. Nf3 e6 5. Be2 c5 6. Be3 Nc6 7. dxc5 Nge7 8. Nc3 a6 9. O-O Bg6 10. Nd4 Nxd4 11. Bxd4 Nc6 12. Na4 Bxc2 13. Qxc2 Nxd4 14. Qd3 Nxe2+ 15. Qxe2 Be7 16. b4 O-O 17. Nb6 Rb8 18.
Rac1 Qe8 19. Qc2 Bd8 20. Na4 Bc7 21. Rfe1 Qe7 22. Nb2 Qh4 23. Nd3 Rbe8 24. g3 Qd4 25.
Qc3 Qxc3 26. Rxc3 f6 27. Kg2 Kf7 28. a4 f5 29. Rb1 Ra8 30. b5 axb5 31. axb5 b6 32. cxb6 Bxb6 33. Rc6 Rfb8 34. Nf4 Ra2 35. Rf1 Rb7 36. Nxe6 Rb2 37. Ng5+ Ke7 38. Re6+ Kd7 39. Rd6+ Ke7 40. Rxd5 Rd7 41. Rxd7+ Kxd7 42. Nxh7 Rxb5 43.
f4 Bd8 44. h4 Rb2+ 45. Kh3 Ke6 46. Rc1 Rb6 47. Rc8 Kd7 48. Ra8 g6 49. Ra7+ Ke6 50.
Rg7 Kd5 51. Nf8 Ke4 52. Rxg6 Rb1 53. Ra6 Bb6 54. Ne6 Kf3 55. Ng5+ Kf2 56. Ra2+ Ke3 57.
Kg2 Kd3 58. h5 Bc5 59. h6 Rb8 60. h7 Be7 61. Nf7 1-0

[Event "*** SCC Grand Prix: Titled Tuesday Blitz"]
[Site "Chess.com"]
[Date "2020.08.11"]
[Round "2"]
[White "Leonid_Starozhilov"]
[Black "bazar-wokzal"]
[Result "1-0"]
[WhiteElo "2700"]
[BlackElo "2465"]
[TimeControl "180+1"]
[EndTime "10:19:42 PDT"]
[Termination "Leonid_Starozhilov won by resignation"]

1. c4 f5 2. Nc3 Nf6 3. f4 g6 4.
Nf3 Bg7 5. g3 O-O 6. Bg2 d6 7.
O-O Nc6 8. d4 e5 9. d5 Na5 10.
fxe5 dxe5 11. b3 e4 12. Nd4 c5 13. Nc2 a6 14. Bd2 b5 15. Ne3 Nd7 16. Rc1 Ne5 17.
cxb5 axb5 18. Nxb5 Qb6 19. a4 Bd7 20. Nc4 Naxc4 21.
bxc4 Ra6 22. Kh1 Rfa8 23. a5 Qb8 24. Qb3 Nxc4 25. Qxc4 Bxb5 26. Qxc5 Bxe2 27. Rfe1 Bd3 28. Bf1 Bxf1 29. Rxf1 Qd6 30. Qc4 Rd8 31. Bb4 Qf6 32.
Be7 Qxe7 33. d6+ Qf7 34. Qxa6 e3 35. Qd3 Bh6 36. Rcd1 Qe6 37. Rfe1 Rd7 38. a6 f4 39.
a7 Rxa7 40. d7 Rxd7 41. Qxd7 Qe4+ 42. Kg1 f3 43. Qd8+ Bf8 44. Qd5+ Qxd5 45. Rxd5 f2+ 46. Kf1 fxe1=Q+ 47. Kxe1 Kf7 48. Ke2 Bh6 49. Rd7+ Kg8 50. h4 Kh8 51. Kf3 Kg8 52. g4 g5 53. h5 Bf8 54. Kxe3 h6 55. Ke4 1-0

[Event "*** SCC Grand Prix: Titled Tuesday Blitz"]
[Site "Chess.com"]
[Date "2020.08.11"]
[Round "2"]
[White "KarpovVadim"]
[Black "elcandado"]
[Result "0-1"]
[WhiteElo "2273"]
[BlackElo "2544"]
[TimeControl "180+1"]
[EndTime "10:19:42 PDT"]
[Termination "elcandado won by resignation"]

1. Nf3 Nf6 2. d4 d5 3. c4 e6 4.
Nc3 c5 5. cxd5 Nxd5 6. e3 cxd4 7. exd4 Nxc3 8. bxc3 Qc7 9. Bd2 Nd7 10. Bd3 Bd6 11. O-O b6 12. Re1 Bb7 13. h3 O-O 14. a4 Bf4 15. a5 Bxf3 16. gxf3 Bxd2 17. Qxd2 Rac8 18.
axb6 axb6 19. c4 Nf6 20. Rab1 Rcd8 21. Qb2 Qf4 22. Qxb6 Rxd4 23. Re3 Rfd8 24. Bf1 Qg5+ 25.
Kh1 g6 26. Qc7 Nh5 27. Qe5 Qh4 28. Qh2 Rd2 29. Kg1 Rc2 30. Rb8 Rxb8 31. Qxb8+ Kg7 32. Qh2 Rc1 33. Qe5+ Kh6 34. Rc3 Rd1 35. Qe3+ Kg7 36. Rd3 Rb1 37. Qd4+ Qxd4 38. Rxd4 Rc1 39. Kg2 e5 40.
Re4 Nf4+ 41. Kg1 f6 42. h4 h5 43. Re3 Kh6 44. Ra3 g5 45. hxg5+ Kxg5 46. Ra8 h4 47.
Rg8+ Kf5 48. Rh8 h3 49. Rh7 Kg6 50. Rh8 Kg7 51. Rh4 f5 52. c5 Ne2+ 53. Kh2 Rxf1 54.
Rxh3 Rxf2+ 55. Kh1 Nf4 0-1

[Event "*** SCC Grand Prix: Titled Tuesday Blitz"]
[Site "Chess.com"]
[Date "2020.08.11"]
[Round "2"]
[White "Chuchofrio1"]
[Black "vovachesss"]
[Result "0-1"]
[WhiteElo "2284"]
[BlackElo "2582"]
[TimeControl "180+1"]
[EndTime "10:19:43 PDT"]
[Termination "vovachesss won by checkmate"]

1. d4 Nf6 2. c4 e6 3. Nc3 Bb4 4.
e3 O-O 5. Ne2 b6 6. a3 Bxc3+ 7.
Nxc3 Bb7 8. f3 d6 9. Bd3 c5 10. O-O Nbd7 11. Qe1 Rc8 12. Qh4 Re8 13. Kh1 Nf8 14.
dxc5 dxc5 15. Rd1 Qe7 16. b3 Ng6 17. Qf2 Red8 18. Bb2 Rd7 19. Bc2 Rcd8 20. Rxd7 Rxd7 21. Rd1 Rxd1+ 22. Nxd1 e5 23. Qd2 e4 24. f4 h6 25. h3 Nh4 26. Nc3 Qe6 27. Qd8+ Kh7 28. Kh2 Qf5 29. Nd5 Nxd5 30. cxd5 f6 31. Qe8 Bxd5 32.
Qb5 Qg6 33. Qe2 Nf5 34. Qf2 h5 35. Bd1 h4 36. Bc3 Ng3 37. Be1 Qf7 38. Qb2 Nf1+ 39. Kg1 Nxe3 40. Be2 Bxb3 41. Bxh4 Bc4 42. Bxc4 Qxc4 43.
Kh2 Qf1 44. Qf2 Qxf2 45. Bxf2 Nc2 46. g3 e3 47. Bg1 e2 48. Bf2 e1=Q 49. Bxe1 Nxe1 50.
Kg1 b5 51. Kf2 Nc2 52. Ke2 Nxa3 53. g4 b4 54. Kd2 a5 55. Kc1 a4 56. Kb2 Nc4+ 57.
Kb1 Ne3 58. Kb2 Nd5 59. Kb1 Nxf4 60. Kb2 Nxh3 61. g5 fxg5 62. Kc1 c4 63. Kb2 c3+ 64. Kb1 g4 65. Ka1 g3 66. Ka2 g2 67. Ka1 g1=Q+ 68.
Ka2 Qf2+ 69. Ka1 Qb2# 0-1